← All builds
Suicide front / Armada / Factory first / OBSERVED BUILD

Standard suicide front

The role's default: factory first (mostly Bot Lab), pushing Rocketeer-led bot play into the middle to contest and hold the front, with an Advanced Metal Extractor around 9:36 as the natural transition.

Usually lab first (63%)

#raid #push · 1244 distinct matches · 126 players · 71% of Armada Suicide front games · team won 60% of 1476 · Recently observed

HOW TO PLAY IT

Key timing: Bot Lab by 0:20

  1. Open with mex and wind, drop Bot Lab immediately.
  2. Push out first "Centurion" as Pond's boost lands.
  3. Send "Rocketeer", "Centurion", "Pawn" mix to contest middle.
  4. Add Dragon's Teeth and Sentries to hold the line.
  5. Get Advanced Metal Extractor up as T2 nears.

Phase by phase

TYPICAL OF ITS 1244 GAMES
  1. 1
  2. 2
  3. 3
PLAY THE OPENING

Follow the example game's first 6:00 step by step: what to build now, what comes next, and where it goes. At 1× it keeps pace with your own game.

  1. 1

    Bot Lab first

    Order
    1. Bot LabBot Lab done ~0:20, middle half 0:20–0:33

    Some games also: mex (36%)

  2. 2

    Bot Lab to 5:00

    Economy
    • Metal Extractor5Mex
    • Wind Turbine4Wind
    Builders
    • Construction Bot3 Con bot
    • Lazarus2 Lazarus
    Army
    • Sentry4 Sentry
    • Rocketeer18 Rocketeer
    • Tick2 Tick
    • Centurion1 Centurion
    Other
    • Radar Tower1 Radar Tower

    Some games also: con turret (35%) · pawn (32%)

    By 5:00 in all: 5 mex · 4 wind

    The example game in this phase · 32 steps
    1. LazarusLazarus
    2. Mex
    3. Wind ×2
    4. TickTick
    5. PawnPawn ×2
    6. LazarusLazarus
    7. PawnPawn ×2
    8. LazarusLazarus
    9. PawnPawn ×2
    10. Construction BotCon bot ×2
    11. Mex
    12. LazarusLazarus
    13. CenturionCenturion
    14. Mex
    15. LazarusLazarus
    16. RocketeerRocketeer
    17. Mex
    18. SentrySentry
    19. RocketeerRocketeer
    20. SentrySentry ×2
    21. RocketeerRocketeer
    22. Mex
    23. RocketeerRocketeer ×2
    24. Dragon's TeethDragon's Teeth ×2
    25. Construction BotCon bot
    26. Dragon's TeethDragon's Teeth ×4
    27. RocketeerRocketeer ×5
    28. Dragon's TeethDragon's Teeth
    29. RocketeerRocketeer
    30. Dragon's TeethDragon's Teeth ×3
    31. RocketeerRocketeer ×2
    32. BeamerBeamer
  3. 3

    5:00 to 10:00

    Economy
    • Metal Extractor1Mex
    • Wind Turbine17Wind
    Builders
    • Construction Turret2 Con turret
    • Lazarus2 Lazarus
    • Construction Bot1 Con bot
    Army
    • Sentry1 Sentry
    • Rocketeer8 Rocketeer
    • Pawn1 Pawn

    Some games also: tick (48%) · Radar Tower (47%) · energy storage (46%) · centurion (45%) · Beamer (39%)

    By 10:00 in all: 6 mex · 23 wind · 1 energy storage · 3 con turret

    The example game in this phase · 154 steps
    1. Mex ×3
    2. Bot LabBot Labdone 6:45
    3. Construction BotCon bot ×6
    4. Mex
    5. Construction BotCon bot
    6. Dragon's TeethDragon's Teeth
    7. Construction BotCon bot
    8. Dragon's TeethDragon's Teeth ×4
    9. Construction BotCon bot
    10. Dragon's TeethDragon's Teeth ×2
    11. Construction BotCon bot
    12. Dragon's TeethDragon's Teeth
    13. SentrySentry
    14. Wind
    15. Construction BotCon bot
    16. SentrySentry
    17. Wind
    18. Construction BotCon bot
    19. Wind
    20. SentrySentry
    21. Wind
    22. Converter
    23. Radar TowerRadar Tower
    24. Wind
    25. Advanced Metal ExtractorT2 mexdone 9:17 · typical 9:38
    26. Converter
    27. Wind ×2
    28. Converter
    29. Radar TowerRadar Tower
    30. Wind
    31. Converter
    32. Wind
    33. Advanced Metal ExtractorT2 mex
    34. SentrySentry
    35. Wind
    36. BeamerBeamer
    37. SentrySentry
    38. Wind ×2
    39. SentrySentry
    40. Wind
    41. Advanced Metal ExtractorT2 mex
    42. Converter
    43. SentrySentry
    44. Wind
    45. Converter
    46. Wind ×2
    47. BeamerBeamer
    48. Vehicle PlantVehicle Plantdone 10:35
    49. Wind ×2
    50. RoverScout
    51. Wind
    52. RoverScout ×2
    53. BeamerBeamer
    54. RoverScout ×2
    55. Wind
    56. RoverScout ×2
    57. Wind
    58. RoverScout
    59. Con turret
    60. BlitzBlitz
    61. Wind ×2
    62. BlitzBlitz
    63. Wind ×2
    64. BlitzBlitz
    65. Wind
    66. BlitzBlitz
    67. Con turret
    68. Wind ×2
    69. BlitzBlitz
    70. Converter
    71. Wind ×2
    72. RoverScout
    73. Con turret
    74. BlitzBlitz
    75. Wind ×2
    76. Converter
    77. RoverScout ×2
    78. Wind
    79. RoverScout
    80. Wind
    81. RoverScout
    82. Converter
    83. RoverScout
    84. BlitzBlitz
    85. Wind ×2
    86. BlitzBlitz ×2
    87. Wind
    88. Converter
    89. BlitzBlitz
    90. Wind ×2
    91. BlitzBlitz
    92. RoverScout
    93. Wind
    94. BlitzBlitz
    95. Wind
    96. Converter
    97. RoverScout ×4
    98. Wind
    99. RoverScout
    100. BlitzBlitz
    101. Converter
    102. Wind ×2
    103. BlitzBlitz ×2
    104. Wind ×2
    105. BlitzBlitz
    106. Converter
    107. BlitzBlitz
    108. Wind
    109. RoverScout
    110. Wind
    111. BlitzBlitz
    112. Wind
    113. RoverScout ×2
    114. Converter
    115. RoverScout
    116. Wind
    117. RoverScout
    118. ShipyardShipyarddone 13:20
    119. Wind
    120. Converter
    121. Wind
    122. Converter
    123. Wind
    124. EelSubmarinedone 13:36
    125. ParalyzerParalyzerdone 14:46
    126. Wind
    127. Converter
    128. Wind
    129. EelSubmarine
    130. Converter
    131. Grim ReaperGrim Reaper
    132. DolphinDolphin
    133. Wind
    134. DolphinDolphin
    135. Converter
    136. Wind
    137. DolphinDolphin
    138. Wind
    139. DolphinDolphin
    140. Converter
    141. Wind
    142. DolphinDolphin ×2
    143. Converter
    144. Wind
    145. DolphinDolphin
    146. Wind
    147. DolphinDolphin
    148. Wind
    149. DolphinDolphin
    150. Wind
    151. VeilVeil
    152. Wind
    153. DolphinDolphin
    154. Wind

Counts are medians over the build's games: half of them build more, half fewer. The example game is Immort's (56 OS, 23/09/2026); pick another.

Team trades

IN AT LEAST 30% OF ITS GAMES

You hand over

Nothing regular.

You get

  • Tidal Generator4 Tidal from Pondfirst at 0:10 · in 69% of games
  • Advanced Construction Bot1 T2 con bot from Geo or Techfirst at 7:30 · in 58% of games

How it plays out

Typical game of this build, running totals by minute

Metal produced

010k20k30k
0:005:0010:0015:00

metal

Enemy metal destroyed

05k10k
0:005:0010:0015:00

metal

Own metal lost

05k10k
0:005:0010:0015:00

metal

1476 games.

Show as table
ByMetal produced: This buildEnemy metal destroyed: This buildOwn metal lost: This build
1:0022600
2:0088800
3:002052173106
4:003161658487
5:00424314151020
6:00543323271786
7:00666831762727
8:00791340353627
9:00930148084496
10:001068454295313
11:001224658946034
12:001409665046820
13:001621470167535
14:001807476888398
15:002043282939278
WHAT THE NUMBERS SAY

Standard suicide front play wins slightly more than half its games with fast kills but also fast losses, matching the raw grind of the role.

  • + First kill lands by 2:04 in all games
  • + Metal produced reaches 19882 by 15:00
  • − Own metal lost hits 9208 by 15:00, near metal destroyed of 8172
  • − First unit lost as early as 2:08 in every game
THE EXAMPLE YOU ARE READING

Immort

56.2 OS · 23/09/2026

Open source match ↗

17 received units · includes a constructor
1329 metal received · 37661 energy received

Allied construction assistance is unknown. Timings are observations, not a promise of solo reproducibility.

Typical milestones

Bot Lab0:20Middle 50%: 0:20–0:33 · n=1470
Advanced Metal Extractor9:38Middle 50%: 8:42–10:48 · n=1084

Played most by

_X_252games of this buildPlatinumBlonde176games of this buildXad119games of this buildImmort67games of this buildwatermeloans58games of this build